Map: Pride of Altaris LE

Players

Pumba - Winner!

  • Race: Protoss Protoss
  • League: Gold
  • Spawn Location: 11:00

CuteZealot

  • Race: Protoss Protoss
  • League: Gold
  • Spawn Location: 5:00

VOD

Have the link to the VOD?

Description

Time

  • Played on: Feb. 1, 2022, 8:04 p.m.
  • Length: 7:37
Show
View Real Time Build Order
Export as new Build Order

Pumba Protoss - Winner!

Build Orders: 1 Gate Expand, Colossus Rush 

Get SALT Encoding   

  12  0:00  Probe  
  13  0:12  Probe  
  14  0:18  Pylon  
  14  0:24  Probe  
  15  0:36  Probe (Chrono Boost)  
  16  0:43  Gateway  
  16  0:49  Probe (Chrono Boost), Assimilator  
  17  0:56  Probe (Chrono Boost)  
  18  1:04  Probe  
  19  1:16  Probe  
  20  1:25  Nexus  
  20  1:30  Probe  
  21  1:39  Cybernetics Core  
  21  1:43  Assimilator  
  21  1:44  Probe  
  22  1:51  Pylon  
  22  1:56  Probe  
  23  2:05  Warp Gate  
  23  2:09  Probe  
  23  2:12  Stalker (Chrono Boost)  
  26  2:21  Probe  
  27  2:26  Robotics Facility  
  28  2:37  Probe (Chrono Boost)  
  28  2:38  Probe (Chrono Boost)  
  28  2:40  Stalker  
  31  2:48  Probe (Chrono Boost)  
  31  2:49  Probe (Chrono Boost)  
  33  2:53  Probe (Chrono Boost)  
  33  2:58  Probe  
  35  3:02  Gateway  
  35  3:03  Gateway  
  35  3:06  Probe  
  35  3:10  Probe  
  37  3:12  Stalker  
  37  3:14  Observer (Chrono Boost)  
  37  3:19  Probe  
  41  3:20  Pylon  
  41  3:25  Assimilator  
  41  3:27  Assimilator  
  42  3:34  Probe x2  
  42  3:38  Pylon  
  43  3:45  Robotics Bay  
  43  3:47  Immortal (Chrono Boost)  
  43  3:52  Probe  
  48  3:57  Probe  
  49  4:05  Probe  
  49  4:07  Sentry  
  52  4:10  Sentry  
  52  4:12  Probe  
  52  4:13  Pylon  
  52  4:17  Probe  
  56  4:21  Pylon  
  56  4:24  Sentry, Probe  
  57  4:29  Probe  
  59  4:32  Pylon  
  59  4:34  Colossus (Chrono Boost)  
  65  4:45  Probe x2  
  67  4:49  Pylon  
  67  5:00  Sentry  
  67  5:03  Sentry  
  67  5:05  Probe  
  72  5:12  Gateway  
  72  5:13  Gateway  
  72  5:15  Colossus (Chrono Boost)  
  78  5:40  Gateway  
  78  5:41  Extended Thermal Lance (Chrono Boost), Gateway  
  78  5:42  Sentry  
  78  5:44  Gateway  
  80  5:51  Pylon  
  80  5:55  Pylon  
  80  5:57  Pylon  
  80  5:58  Warp Prism (Chrono Boost)  
  80  5:59  Pylon  
  80  6:03  Pylon  
  82  6:15  Stalker x2  
  82  6:16  Stalker x3  
  92  6:31  Observer  
  93  6:37  Pylon  
  93  6:47  Stalker x6  
  93  6:53  Stalker  
  93  6:54  Stalker  
  109  7:16  Stalker x5  
  109  7:17  Stalker  
Show
View Real Time Build Order
Export as new Build Order

CuteZealot Protoss 

Build Orders: 1 Gate Expand 

Get SALT Encoding   

  12  0:01  Probe  
  13  0:13  Probe  
  14  0:18  Pylon  
  14  0:25  Probe  
  15  0:40  Gateway  
  15  0:44  Probe  
  16  0:56  Probe  
  17  0:59  Assimilator  
  17  1:08  Probe  
  18  1:20  Probe  
  19  1:26  Assimilator  
  19  1:32  Probe  
  20  1:33  Nexus  
  20  1:44  Probe  
  21  1:55  Pylon  
  21  1:57  Probe  
  22  2:02  Cybernetics Core  
  22  2:31  Warp Gate (Chrono Boost)  
  22  2:36  Gateway  
  22  2:39  Stalker (Chrono Boost)  
  24  2:49  Robotics Facility  
  24  2:52  Probe x2  
  26  3:04  Probe  
  26  3:05  Probe  
  28  3:06  Stalker  
  30  3:17  Probe x2  
  32  3:26  Gateway  
  32  3:29  Probe x2  
  34  3:37  Observer (Chrono Boost)  
  35  3:47  Probe x2  
  37  3:50  Observer (Chrono Boost)  
  37  3:53  Pylon  
  38  4:01  Probe x2  
  40  4:03  Stalker  
  42  4:10  Immortal  
  42  4:13  Pylon  
  42  4:15  Probe x2  
  48  4:17  Assimilator  
  48  4:27  Probe x2  
  50  4:34  Pylon  
  50  4:39  Probe x2  
  52  4:48  Assimilator  
  52  4:49  Immortal  
  52  4:51  Probe x2  
  58  5:01  Forge  
  58  5:03  Twilight Council  
  58  5:11  Probe x2  
  60  5:18  Gateway  
  60  5:24  Pylon  
  60  5:33  Protoss Ground Weapons Level 1 (Chrono Boost)  
  60  5:37  Charge (Chrono Boost), Immortal  
  64  6:01  Nexus  
  64  6:06  Pylon  
  64  6:21  Immortal  
  68  6:26  Gateway  
  68  6:27  Gateway  
  68  6:45  Pylon  
  68  6:46  Pylon  
  68  6:56  Templar Archives  
  68  7:00  Stalker x4  
  76  7:16  Shield Battery  
  76  7:18  Pylon  
Tags
 
Add a new tag
Caveats
  • Supply blocks, unpowered buildings, or Contaminate may cause inaccurate times.
  • Supply counts are checked every 10 seconds.